 Dungeon Crawl Stone Soup version 0.29-a0-1016-g236c7fd91e (webtiles) character file.

Game seed: 1136742755250633009

12184 ytrimaz the Cleaver (level 12, -2/115 (145) HPs)
             Began as a Formicid Fighter on Aug 10, 2022.
             Was a High Priest of Okawaru.
             Slain by Nergalle the merfolk
             ... wielding a +0 dagger
              (13 damage)
             ... on level 10 of the Dungeon.
             The game lasted 00:24:26 (11561 turns).

ytrimaz the Cleaver (Formicid Fighter)             Turns: 11561, Time: 00:24:27

HP:   -2/115 (145)  AC: 26    Str: 26    XL:     12   Next: 17%
MP:   0/12          EV:  2    Int:  8    God:    Okawaru [*****.]
Gold: 628           SH: 11    Dex: 13    Spells: 11/11 levels left

rFire   . . .      SeeInvis .   E - +0 battleaxe
rCold   . . .      Faith    .   p - +0 kite shield
rNeg    + . .      Spirit   +   (body armour currently unavailable)
rPois   +          Reflect  .   (helmet unavailable)
rElec   .          Harm     .   (cloak currently unavailable)
rCorr   .          Rampage  .   (gloves currently unavailable)
Will    +....                   (boots currently unavailable)
Stlth   +.........              v - amulet of guardian spirit
HPRegen 0.29/turn               x - ring of poison resistance
MPRegen 0.13/turn               w - ring of positive energy

@: tree-form, heavily drained
A: stationary, stasis, torment immunity, boosted hp, permanent stasis, dig
shafts and tunnels, (antennae 3), four strong arms
a: Renounce Religion, Heroism, Finesse, Duel


You were on level 10 of the Dungeon.
You worshipped Okawaru.
Okawaru was extremely pleased with you.
You were a tree.
You visited 2 branches of the dungeon, and saw 11 of its levels.

You collected 628 gold pieces.

Inventory:

Hand Weapons
 a - a +1 war axe
 t - a +0 hand axe
 E - a +0 battleaxe (weapon)
Missiles
 r - 3 throwing nets
Armour
 b - a +0 scale mail
 c - a +0 pair of gloves (melded)
 o - a +0 plate armour (melded)
 p - a +0 kite shield (worn)
 s - a +2 buckler
 y - a +2 pair of boots (melded)
Jewellery
 i - a +6 ring of intelligence
 v - an amulet of guardian spirit (around neck)
 w - a ring of positive energy (right branch)
 x - a ring of poison resistance (left branch)
 D - a ring of fire
Wands
 l - a wand of quicksilver (1)
 m - a wand of polymorph (7)
 q - a wand of roots (13)
Scrolls
 d - a scroll of magic mapping
 h - 2 scrolls of enchant weapon
 j - a scroll of fear
 k - 3 scrolls of enchant armour
 n - a scroll of brand weapon
 B - a scroll of noise {unknown}
Potions
 e - 2 potions of cancellation
 f - 3 potions of attraction
 u - a potion of lignification
 z - 3 potions of mutation
 F - a potion of brilliance {unknown}


   Skills:
 - Level 10.0 Fighting
 + Level 13.9 Axes
 - Level 10.0 Armour
 - Level 10.0 Shields
 + Level 0.2 Invocations
 - Level 1.0 Evocations


You had 11 spell levels left.
You didn't know any spells.
Your spell library contained the following spells:

 Spells                   Type           Power      Damage    Failure   Level
 Cause Fear               Hex            0%         N/A       100%        4
 Petrify                  Tmut/Erth      0%         N/A       100%        4
 Metabolic Englaciation   Hex/Ice        0%         N/A       100%        5
 Statue Form              Tmut/Erth      0%         N/A       100%        6
 Dragon Form              Tmut           0%         N/A       100%        7
 Dragon's Call            Summ           Unusable   N/A       N/A         9

Dungeon Overview and Level Annotations

Branches:
Dungeon (10/15)            Temple (1/1) D:5            Lair (0/5) D:9
    Orc (0/2) D:9

Altars:
Ashenzari
Cheibriados
Dithmenos
Elyvilon
Fedhas
Gozag
Hepliaklqana
Kikubaaqudgha
Makhleb
Nemelex Xobeh
Okawaru
Qazlal
Ru
Sif Muna
Trog
Uskayaw
Vehumet
Wu Jian
Xom
Yredelemnul
Zin
The Shining One

Shops:
D:7 :   D:10 ?*

Annotations:
D:10 Nergalle


Innate Abilities, Weirdness & Mutations

You are a tree.
Your roots penetrate the ground, keeping you stationary.
You cannot be teleported.
You are immune to unholy pain and torment.
Your maximum health is greatly increased.
Your equipment is partially melded.
You cannot be hasted, slowed, berserked, paralysed or teleported.
You can dig through walls and to a lower floor.
((You have a pair of large antennae on your head. (SInv)))
Your four strong arms can wield two-handed weapons with a shield.


Message History

The spectral orc warrior hits you from afar with a +0 trident!
* * * LOW HITPOINT WARNING * * *
You feel better. Nergalle barely misses you.
The spectral orc warrior hits you from afar with a +0 trident.
* * * LOW HITPOINT WARNING * * *
You feel better. Nergalle hits you with a +0 dagger.
* * * LOW HITPOINT WARNING * * *
The spectral orc warrior hits you from afar with a +0 trident.
* * * LOW HITPOINT WARNING * * *
You feel better. Nergalle hits you with a +0 dagger!
* * * LOW HITPOINT WARNING * * *
You block the spectral orc warrior's attack.
You slash Nergalle!
Nergalle is severely wounded.
You block Nergalle's attack.
The spectral orc warrior hits you from afar with a +0 trident.
* * * LOW HITPOINT WARNING * * *
You partially resist.
You feel drained.
Unknown command.
You slash Nergalle!
Nergalle is almost dead.
Nergalle drinks a potion.
Nergalle is healed!
You block the spectral orc warrior's attack.
Unknown command.
Non-targeted abil: Dig
Press: ? - help, Q - select action, (/) - cycle Dir - look around, f - activate You extend your mandibles.
You retract your mandibles.
You block Nergalle's attack.
It was a potion of lignification.
You turn into a tree.
Your +0 pair of gloves melds into your body.
Your +2 pair of boots melds into your body.
Your +0 plate armour melds into your body.
Your roots penetrate the ground.
Nergalle hits you but does no damage.
The spectral orc warrior hits you but does no damage.
Unknown command.
Unknown command.
It was a potion of berserk rage.
Your stasis prevents you from going berserk.
Nergalle hits you with a +0 dagger!
You die...

...##.####.##.# .###.####
##.##.####.##.###....
+####.####
#.....††...#.... ....
..........
#....>.....#.... ...
.......... #..........+
...#.. ..........
##.##.###..# #'# .# #
##+##...##
...##.########.##.##.###
#...##
...'.........#.........#
#....#
...#........∩#.m♣......+
#....+
#..###+##...#.Z.......##
#.#### #..#
#####...####..######.####
...# #.### .##.........
...# ### #.......... ...#
#########.. #..# {
...###.. #### .........
.........


You could see Nergalle the merfolk and a spectral orc warrior (summoned).

Vanquished Creatures
  Erica (D:9)
  3 two-headed ogres
  An ugly thing (D:10)
  A gargoyle (D:9)
  3 kobold demonologists (D:10)
  2 komodo dragons
  A troll (D:8)
  A hornet (D:9)
  Grinder (D:6)
  Sigmund (D:3)
  A shadow (D:10)
  4 wraiths
  11 yaks
  Menkaure (D:7)
  An acid dragon (D:8)
  2 water moccasins
  An ice beast (D:7)
  A sky beast (D:6)
  3 orc warriors
  3 centaurs
  An ogre (D:5)
  4 kobold brigands (D:10)
  3 gnoll sergeants
  A bullfrog (D:6)
  A scorpion (D:4)
  A necrophage (D:8)
  9 wights
  3 howler monkeys
  2 hounds (D:6)
  5 orc priests
  2 gnoll boudas
  5 jellies
  5 iguanas
  Jessica (D:3)
  Natasha (thrice) (D:2)
  Ijyb (D:3)
  5 orc wizards
  A human simulacrum (D:9)
  17 gnolls
  9 adders
  A shadow imp (D:5)
  2 ufetubi (D:5)
  A worm (D:2)
  2 dart slugs
  26 orcs
  2 bats
  10 endoplasms
  2 giant cockroaches
  6 goblins
  7 hobgoblins
  10 jackals
  15 kobolds
  4 quokkas
  6 ball pythons
  3 frilled lizards (D:1)
  9 rats
228 creatures vanquished.

Vanquished Creatures (others)
  A human simulacrum (D:9)
  7 plants
8 creatures vanquished.

Grand Total: 236 creatures vanquished

Notes
Turn   | Place    | Note
-------+----------+-------------------------------------------
     0 | D:1      | ytrimaz the Formicid Fighter began the quest for the Orb.
     0 | D:1      | Reached XP level 1. HP: 18/18 MP: 1/1
   218 | D:1      | Reached XP level 2. HP: 23/24 MP: 2/2
   388 | D:1      | Reached skill level 3 in Axes
   479 | D:1      | Reached XP level 3. HP: 26/29 MP: 3/3
   986 | D:2      | Noticed Natasha
   995 | D:2      | Killed Natasha
   996 | D:2      | Reached skill level 4 in Axes
   996 | D:2      | Reached XP level 4. HP: 30/35 MP: 4/4
  1487 | D:2      | You fall into a shaft and drop 2 floors!
  1612 | D:3      | Noticed Jessica
  1616 | D:3      | Killed Jessica
  1617 | D:3      | Reached skill level 5 in Axes
  1617 | D:3      | Reached XP level 5. HP: 38/41 MP: 5/5
  1661 | D:2      | Noticed Natasha
  1670 | D:2      | Killed Natasha
  1950 | D:2      | Noticed Natasha
  1959 | D:2      | Killed Natasha
  2100 | D:3      | Reached XP level 6. HP: 47/47 MP: 6/6
  2129 | D:3      | Noticed Ijyb
  2135 | D:3      | Killed Ijyb
  2136 | D:3      | Reached skill level 6 in Axes
  2528 | D:3      | Noticed Sigmund
  2554 | D:3      | Killed Sigmund
  2555 | D:3      | Reached skill level 7 in Axes
  2555 | D:3      | Reached XP level 7. HP: 22/52 MP: 7/7
  2899 | D:3      | Found a faded altar of an unknown god.
  3853 | D:5      | Entered Level 5 of the Dungeon
  3860 | D:5      | Noticed a water moccasin
  3884 | D:5      | Killed a water moccasin
  3885 | D:5      | Reached skill level 8 in Axes
  4246 | D:5      | Reached XP level 8. HP: 54/58 MP: 8/8
  4336 | D:5      | Found a staircase to the Ecumenical Temple.
  4485 | Temple   | Entered the Ecumenical Temple
  4753 | Temple   | Became a worshipper of Warmaster Okawaru
  4861 | D:5      | Reached skill level 9 in Axes
  4924 | D:5      | Found an ornate altar of the Wu Jian Council.
  5206 | D:6      | Noticed Grinder
  5388 | D:6      | Killed Grinder
  5564 | D:6      | Reached skill level 5 in Shields
  5638 | D:6      | Found a large runed translucent door.
  5639 | D:6      | Found a large runed translucent door.
  5945 | D:5      | Reached XP level 9. HP: 78/78 MP: 9/9
  6185 | D:6      | Reached skill level 10 in Fighting
  6185 | D:6      | Reached skill level 10 in Armour
  6190 | D:6      | Reached skill level 10 in Axes
  6267 | D:6      | Found a glowing silver altar of Zin.
  6281 | D:6      | Found a white marble altar of Elyvilon.
  6294 | D:6      | Reached * piety under Okawaru
  6484 | D:6      | Found a hide-covered altar of Uskayaw.
  6537 | D:6      | Reached XP level 10. HP: 84/85 MP: 10/10
  6733 | D:7      | Found Neepoasi's Book Boutique.
  6751 | D:7      | Found an opulent altar of Gozag.
  6814 | D:7      | Identified the +10 war axe of Lira {vorpal, rElec}
  7041 | D:7      | Noticed Menkaure
  7049 | D:7      | Killed Menkaure
  7627 | D:8      | Noticed a two-headed ogre
  8315 | D:8      | Reached ** piety under Okawaru
  8468 | D:8      | Noticed a two-headed ogre
  8506 | D:8      | Killed a two-headed ogre
  8507 | D:8      | Reached skill level 11 in Axes
  8614 | D:8      | Reached *** piety under Okawaru
  9002 | D:8      | Killed a two-headed ogre
  9002 | D:8      | Reached **** piety under Okawaru
  9003 | D:8      | Reached skill level 1 in Evocations
  9003 | D:8      | Reached XP level 11. HP: 90/90 MP: 11/11
  9141 | D:9      | Found a staircase to the Orcish Mines.
  9462 | D:9      | Found a shimmering altar of Xom.
  9660 | D:9      | Reached skill level 12 in Axes
  9690 | D:9      | Noticed Erica
  9709 | D:9      | Killed Erica
 10076 | D:9      | Found a radiant altar of Vehumet.
 10076 | D:9      | Found a broken altar of Ashenzari.
 10080 | D:9      | Noticed a two-headed ogre
 10101 | D:9      | Killed a two-headed ogre
 10101 | D:9      | Reached ***** piety under Okawaru
 10259 | D:9      | Found a staircase to the Lair.
 10281 | D:9      | HP: 3/90 [wraith (3)]
 10805 | D:10     | Entered Level 10 of the Dungeon
 10842 | D:10     | Identified the +0 chain mail of Okawaru's Respect {Harm rC+
                  | Will+ Dex-5} (Okawaru gifted it to you on level 10 of the
                  | Dungeon)
 10842 | D:10     | Received a gift from Okawaru
 10843 | D:10     | Reached skill level 13 in Axes
 11103 | D:10     | Found Rajariz's Overcharged Wands.
 11134 | D:10     | Noticed a soul eater
 11183 | D:10     | Reached XP level 12. HP: 90/97 MP: 12/12
 11224 | D:10     | Found a shimmering altar of Xom.
 11516 | D:10     | Found Yqodoawn's Magic Scroll Boutique.
 11522 | D:10     | Noticed Nergalle
 11531 | D:10     | Reached skill level 10 in Shields
 11545 | D:10     | Noticed Nergalle
 11545 | D:10     | Nergalle changed into Nergalle the merfolk
 11551 | D:10     | HP: 2/79 [spectral orc knight/+0 dire flail[Nergalle] (9)]
 11561 | D:10     | Slain by Nergalle the merfolk

Illustrated notes

Levels and vault maps discovered:
D:1:      matt_arrival_los_fun, layout_basic
D:2:      layout_rooms, uniq_natasha
D:3:      layout_basic, ebering_ecumenical_altar_box, uniq_jessica,
          uniq_sigmund, uniq_ijyb
D:4:      layout_cave_pools
D:5:      layout_cave_pools, mainiacjoe_overflow_alcove_1, temple_pool_b,
          grunt_decor_cap
D:6:      layout_rooms, mainiacjoe_overflow_24_doors, jmf_multi_god_temple2,
          uniq_grinder
D:7:      layout_basic, grunt_gozag_statues, serial_shops, shop, uniq_menkaure
D:8:      layout_basic, serial_glass, glass_columns_a, glass_columns_a,
          glass_columns_c, glass_columns_a, item_on_display_a,
          item_on_display_a, due_unseen_surprise, feat_on_display,
          grunt_ministairs_8, hangedman_abyss_or_decor_lesser_grid,
          serial_bayou_pond_b
D:9:      layout_cave_pools, brannock_xom_greatest_gift, jmf_multi_god_temple,
          david_lair_shrubbed, minmay_orc_entry_temple_small, bh_circular_ruins,
          uniq_erica
D:10:     layout_gridville, serial_shops, shop, minmay_door_square,
          hangedman_feature_mirror, nicolae_shop_overcharged_wands,
          uniq_nergalle, uniq_snorg
Temple:   dpeg_chambers_temple

Skill      XL: |  1  2  3  4  5  6  7  8  9 10 11 12 |
---------------+-------------------------------------+-----
Axes           | 3 4 5 7 8 9 10 11 13 | 13.9
Shields        | 5 7 9 10 | 10.0
Fighting       | 9 10 | 10.0
Armour         | 9 10 | 10.0
Evocations     | 1 |  1.0
Invocations    | |  0.2

Action                   |  1- 3 |  4- 6 |  7- 9 | 10-12 || total
-------------------------+-------+-------+-------+-------++-------
Melee: War axe           |    85 |    88 |    86 |   193 ||   452
       Hand axe          |       |       |   147 |    16 ||   163
       Battleaxe         |       |       |       |   183 ||   183
Invok: Heroism           |       |       |       |     2 ||     2
 Abil: Dig               |       |       |     5 |     4 ||     9
Evoke: Wand              |       |       |       |    18 ||    18
  Use: Scroll            |     1 |       |    11 |     7 ||    19
       Potion            |       |     1 |     1 |     9 ||    11
Armor: Scale mail        |    43 |    35 |    11 |       ||    89
       Plate armour      |       |       |   102 |   190 ||   292
       Skin              |       |       |       |     2 ||     2
Dodge: Dodged            |    62 |    42 |    62 |    89 ||   255
Block: Buckler           |    23 |    20 |    19 |       ||    62
       Kite shield       |       |       |    68 |   231 ||   299

Table legend: (Time is in decaauts)
 A = Elapsed time spent in this place.
 B = Non-inter-level travel time spent in this place.
 C = Inter-level travel time spent in this place.
 D = Time resting spent in this place.
 E = Time spent auto-exploring this place.
 F = Levels seen in this place.
 G = Mean time per level.
                   A        B        C        D        E       F      G
               +--------+--------+--------+--------+--------+-----+--------+
         Total |  11662 |  11342 |    320 |   1875 |   7141 |  11 | 1060.2 |
       Dungeon |  11385 |  11095 |    290 |   1875 |   6909 |  10 | 1138.5 |
        Temple |    276 |    246 |     30 |      0 |    232 |   1 |  276.0 |
               +--------+--------+--------+--------+--------+-----+--------+

Top non-repeatable levels by time:
     D:9: 1686 daAuts
     D:8: 1461 daAuts
     D:5: 1425 daAuts
     D:3: 1192 daAuts
     D:4: 1034 daAuts
     D:7: 1031 daAuts
     D:2: 995 daAuts
     D:1: 925 daAuts
     D:6: 856 daAuts
    D:10: 775 daAuts
  Temple: 276 daAuts
